 Dungeon Crawl Stone Soup version 0.28.0-53-g5a82cb258f (webtiles) character file.

Game seed: 15361057122841734323

385 safid the Digger (level 6, -1/38 HPs)
             Began as a Gargoyle Earth Elementalist on Sept 7, 2022.
             Was an Initiate of Vehumet.
             Slain by a mummy (11 damage)
             ... on level 4 of the Dungeon.
             The game lasted 00:08:04 (5947 turns).

safid the Digger (Gargoyle Earth Elementalist)      Turns: 5947, Time: 00:08:05

Health: -1/38      AC:  9    Str: 11    XL:     6   Next: 77%
Magic:  11/11      EV: 12    Int: 18    God:    Vehumet [......]
Gold:   162        SH:  5    Dex: 10    Spells: 8/12 levels left

rFire   . . .      SeeInvis .   h - +1 spear (venom)
rCold   . . .      Faith    .   (no shield)
rNeg    + . .      Spirit   .   b - +0 robe
rPois   ∞          Reflect  +   (no helmet)
rElec   +          Harm     .   p - +2 cloak
rCorr   .          Rampage  .   (no gloves)
Will    .....                   (no boots)
Stlth   ++........              o - amulet of reflection
HPRegen 0.12/turn               (no ring)
MPRegen 0.12/turn               (no ring)

@: no status effects
A: sickness immunity, AC +4, negative energy resistance 1, electricity
resistance, torment resistance 1, petrification resistance
a: Renounce Religion


You were on level 4 of the Dungeon.
You worshipped Vehumet.
Vehumet was noncommittal.
You visited 2 branches of the dungeon, and saw 5 of its levels.

You collected 162 gold pieces.

Inventory:

Hand Weapons
 h - a +1 spear of venom (weapon)
Missiles
 c - 147 stones
Armour
 b - a +0 robe (worn)
 p - a +2 cloak (worn)
Jewellery
 o - an amulet of reflection (around neck)
Scrolls
 a - 2 scrolls of noise {unknown}
 d - a scroll of enchant weapon {unknown}
 e - a scroll of magic mapping {unknown}
 g - a scroll of immolation {unknown}
 i - a scroll of enchant armour {unknown}
 j - a scroll of fear {unknown}
 m - a scroll of teleportation {unknown}
Potions
 f - a potion of resistance {unknown}
 k - a potion of attraction {unknown}
 l - 2 potions of brilliance {unknown}
 n - a potion of might {unknown}


   Skills:
 + Level 3.6 Fighting
 - Level 2.0 Dodging
 - Level 2.1 Stealth
 + Level 3.7 Spellcasting
 + Level 2.0 Conjurations
 - Level 0.7 Transmutations
 + Level 5.5 Earth Magic


You had 8 spell levels left.
You knew the following spells:

 Your Spells              Type           Power      Damage    Failure   Level
a - Sandblast             Erth           46%        2d11      1%          1
b - Stone Arrow           Conj/Erth      34%        3d9       10%         3

Your spell library contained the following spells:

 Spells                   Type           Power      Damage    Failure   Level
 Passwall                 Tmut/Erth      11%        N/A       6%          2
 Petrify                  Tmut/Erth      14%        N/A       38%         4


Dungeon Overview and Level Annotations

Branches:
Dungeon (4/15)             Temple (1/1) D:4

Altars:
Ashenzari
Cheibriados
Dithmenos
Elyvilon
Fedhas
Gozag
Hepliaklqana
Kikubaaqudgha
Makhleb
Nemelex Xobeh
Okawaru
Ru
Sif Muna
Trog
Uskayaw
Vehumet
Wu Jian
Xom
Yredelemnul
Zin
The Shining One

Shops:
D:1 =[

Portals:
Ossuary: D:4


Innate Abilities, Weirdness & Mutations

You are immune to sickness and miasma.
Your stone body is resilient. (AC +4)
You are immune to poison.
You resist negative energy. (rN+)
You are resistant to electric shocks. (rElec)
You are resistant to unholy torment.
You are immune to petrification.


Message History

The iguana moves out of view.
You barely miss the iguana.
You hear the hiss of an avalanche of sand.
The iguana misses you.
Unknown command.
You hit the iguana but do no damage.
The iguana is poisoned.
The iguana bites you!
You hit the iguana.
The iguana is lightly wounded.
The iguana bites you.
You hit the iguana.
The iguana looks as sick as possible!
The iguana is moderately wounded.
The iguana bites you.
You hit the iguana.
The iguana looks as sick as possible!
The iguana is severely wounded.
The iguana misses you.
You hit the iguana.
You kill the iguana!
Vehumet accepts your kill.
Your Conjurations skill increases to level 2!
You open the door.
A mummy comes into view.
Found a sand-covered staircase.
There is an open door here.
You hit the mummy.
The mummy is lightly damaged.
The mummy closely misses you.
You hit the mummy but do no damage.
The mummy is lightly damaged.
The mummy hits you but does no damage.
You hit the mummy but do no damage.
The mummy is lightly damaged.
You hit the mummy.
The mummy is lightly damaged.
The mummy hits you!
* * * LOW HITPOINT WARNING * * *
You hit the mummy but do no damage.
The mummy is lightly damaged.
The mummy hits you!
You die...

................#.... .
##.######..####.#..##.
#(........#.........
#....l....#.##....#
.............##.#..#
##.###.............#####
#.# #.##..............#
#.# #.##..#####'#####.#
....... #..@..# ##.##...
##.M.## # ####. ##∩## #
###


You could see a mummy.

Vanquished Creatures
  A scorpion (D:4)
  Jessica (D:3)
  An iguana (D:4)
  Natasha (D:2)
  Terence (D:2)
  9 adders
  6 gnolls
  An adder skeleton (D:4)
  2 dart slugs
  4 orcs (D:3)
  4 ball pythons
  11 bats
  3 endoplasms
  2 giant cockroaches
  6 goblins
  7 hobgoblins
  4 jackals (D:1)
  4 quokkas
  4 frilled lizards
  6 kobolds (D:2)
  8 rats
86 creatures vanquished.

Vanquished Creatures (others)
  12 plants (D:2)
12 creatures vanquished.

Grand Total: 98 creatures vanquished

Notes
Turn   | Place    | Note
-------+----------+-------------------------------------------
     0 | D:1      | safid the Gargoyle Earth Elementalist began the quest for
                  | the Orb.
     0 | D:1      | Reached XP level 1. HP: 10/10 MP: 3/3
   420 | D:1      | Reached XP level 2. HP: 16/16 MP: 5/5
   677 | D:1      | Found Non Adur's Antique Armour Boutique.
   778 | D:1      | Reached skill level 1 in Fighting
  1135 | D:1      | Reached skill level 4 in Earth Magic
  1300 | D:1      | Reached XP level 3. HP: 15/20 MP: 6/6
  1382 | D:1      | Found Peelo's Jewellery Shoppe.
  1579 | D:2      | Noticed Terence
  2278 | D:2      | Reached XP level 4. HP: 26/26 MP: 4/7
  3058 | D:2      | Reached XP level 5. HP: 30/31 MP: 9/9
  3283 | D:2      | Killed Terence
  3293 | D:2      | Learned a level 3 spell: Stone Arrow
  3563 | D:2      | Noticed Natasha
  3574 | D:2      | Killed Natasha
  3575 | D:2      | Reached skill level 5 in Earth Magic
  4531 | D:3      | Reached skill level 1 in Conjurations
  4534 | D:3      | Reached XP level 6. HP: 33/37 MP: 3/11
  4866 | D:3      | Found a faded altar of an unknown god.
  4872 | D:3      | Noticed Jessica
  4875 | D:3      | Killed Jessica
  5816 | D:4      | Found a staircase to the Ecumenical Temple.
  5825 | Temple   | Entered the Ecumenical Temple
  5863 | Temple   | Became a worshipper of Vehumet
  5940 | D:4      | Found a sand-covered staircase.
  5947 | D:4      | Slain by a mummy

Illustrated notes

Levels and vault maps discovered:
D:1:      amcnicky_arrival_flooded_fountain, layout_basic, serial_shops, shop,
          nicolae_shop_window_shopping, hex_medium
D:2:      minmay_razor_zed, layout_basic, lexackson_kobold_supper, uniq_terence,
          uniq_natasha
D:3:      layout_loops_corners, shapermc_ecumenical_altar_pompeii,
          lemuel_flame_loot_1, uniq_jessica
D:4:      layout_loops_ring, mainiacjoe_overflow_surrounded_room,
          minmay_temple_entry_drinking_statues, gup_ossuary_entry_pyramid,
          minmay_misc_feat_plants, dk_vineyard_3, minmay_misc_feat_roman
Temple:   compressed_dpeg_circular_temple

Skill      XL: |  1  2  3  4  5  6 |
---------------+-------------------+-----
Fighting       | 1 2 3 |  3.6
Earth Magic    | 4 5 |  5.5
Dodging        | 2 |  2.0
Spellcasting   | 3 |  3.7
Conjurations   | 1 2 |  2.0
Stealth        | |  2.1
Transmutations | |  0.7

Action                   |  1- 3 |  4- 6 || total
-------------------------+-------+-------++-------
Melee: Unarmed           |    14 |       ||    14
       Club              |    28 |       ||    28
       Dagger            |    75 |   117 ||   192
       Short sword       |       |   157 ||   157
       Punch             |       |     5 ||     5
       Spear             |       |    27 ||    27
 Cast: Sandblast         |    24 |    24 ||    48
 Stab: Sleeping          |     4 |     6 ||    10
       Distracted        |       |     1 ||     1
Armor: Robe              |    61 |   104 ||   165
Dodge: Dodged            |   121 |   217 ||   338
Block: Other             |       |    23 ||    23
